AoeStats
← gangsta rap made me do it

Black Forest

510129453Analyzed
2v2 RM · 3d ago on Sep 29, 2026· 49m 33s· 4 players
Game mode
Random Map
Map size
Medium (4 player)
Population
200
Speed
Normal
Resources
Standard
Victory
Conquest
Starting age
Dark Age
Ending age
Imperial Age
RankedLock teamsTeams togetherTeam positionsShared explorationLock speedFull tech treeHidden civsTurbo modeCheats
Victory
Defeat
🇺🇦 Spanish · Ukraine
730
+16
730
+16
🇺🇸 Huns · United States
739
-38
🇺🇸 Inca · United States
736
-38
gangsta rap made me do it
12:46 Feudal Age
16:33 Castle Age
16:13 Stone Mining
16:13 Gold Mining
19:59 Horse Collar
20:14 Gold Mining
20:52 Double-Bit Axe
21:12 Man-at-Arms
25:38 Husbandry
27:03 Heavy Plow
28:07 Bow Saw
31:31 Stone Shaft Mining
36:13 Imperial Age
34:23 Scale Barding Armor
37:08 Chain Barding Armor
37:14 Elite Leitis
41:29 Cavalier
43:14 Bloodlines
44:34 Two-Man Saw
44:10 Paladin
шавка
12:52 Feudal Age
13:22 Horse Collar
14:02 Double-Bit Axe
17:53 Castle Age
15:56 Double-Bit Axe
18:22 Stone Mining
20:28 Bow Saw
21:32 Gold Mining
25:39 Man-at-Arms
33:49 Redemption
34:37 Ballistics
41:02 Imperial Age
41:26 Capped Ram
43:11 Stone Shaft Mining
47:49 Elite Conquistador
johntoler02
15:47 Feudal Age
18:58 Man-at-Arms
19:35 Horse Collar
19:48 Gold Mining
19:53 Stone Mining
27:31 Castle Age
25:48 Arson
29:00 Heavy Plow
32:49 Ballistics
32:26 Murder Holes
32:42 Masonry
32:35 Padded Archer Armor
32:26 Fletching
33:12 Scale Mail Armor
33:23 Forging
34:02 Leather Archer Armor
35:01 Husbandry
35:13 Bloodlines
35:21 Chain Mail Armor
37:02 Wheelbarrow
36:13 Town Watch
36:55 Bodkin Arrow
37:36 Iron Casting
37:07 Scale Barding Armor
39:23 Hand Cart
41:00 Squires
40:20 Pikeman
40:25 Crossbowman
41:11 Thumb Ring
40:27 Elite Skirmisher
42:55 Long Swordsman
45:53 Chain Barding Armor
tolert360
15:22 Feudal Age
16:02 Double-Bit Axe
17:48 Champi Runner
27:34 Wheelbarrow
31:58 Castle Age
32:07 Loom
Connection lost

Rejoining the realm…

Still unreachable

The connection could not be restored.

Session expired

The server has moved on; the page needs a fresh start.